Map: King Sejong Station LE

Players

Tenonee - Winner!

  • Race: Terran Terran
  • League: Diamond

ThaLord

  • Race: Terran Terran
  • League: Platinum

VOD

Have the link to the VOD?

Description

Time

  • Played on: July 31, 2016, 6:32 a.m.
  • Length: 13:47
Show
View Real Time Build Order
Export as new Build Order

Tenonee Terran - Winner!

Build Orders: Reaper Expand, MMM Bio 

Get SALT Encoding   

  12  0:01  SCV  
  13  0:14  SCV  
  14  0:18  Supply Depot  
  14  0:25  Refinery  
  14  0:29  SCV  
  15  0:41  Barracks, SCV  
  16  0:47  Refinery  
  16  0:54  SCV  
  17  1:07  SCV  
  17  1:10  Supply Depot  
  18  1:22  SCV  
  19  1:35  Reaper, Orbital Command  
  20  1:57  Command Center  
  20  2:01  SCV  
  21  2:13  SCV  
  21  2:21  Factory  
  21  2:26  SCV  
  21  2:28  Reaper  
  23  2:35  Barracks  
  23  2:38  SCV  
  24  2:48  Refinery  
  24  2:50  SCV  
  24  3:02  Barracks Reactor, SCV  
  25  3:06  Factory Tech Lab  
  25  3:11  Orbital Command  
  25  3:15  SCV  
  26  3:25  Barracks Tech Lab  
  26  3:27  SCV  
  27  3:37  SCV  
  27  3:39  Marine x2, SCV  
  31  3:41  Siege Tank  
  34  3:53  SCV  
  34  3:54  SCV  
  36  3:57  Marine  
  36  4:01  Supply Depot  
  37  4:06  Stimpack, SCV x2  
  37  4:09  Refinery  
  39  4:10  Marine x2  
  39  4:11  Starport  
  41  4:18  SCV x2  
  41  4:21  Supply Depot  
  43  4:26  Marine  
  43  4:27  Marine  
  43  4:30  SCV x2  
  47  4:34  Marine  
  48  4:42  SCV x2  
  48  4:44  Marine  
  48  4:45  Siege Tank  
  54  4:53  Marine  
  54  4:54  Starport Reactor, SCV x2  
  57  5:02  Supply Depot  
  57  5:04  Supply Depot  
  57  5:06  SCV x2  
  59  5:18  SCV x2  
  61  5:24  Engineering Bay  
  61  5:25  Command Center  
  61  5:27  Engineering Bay, Marine x3  
  64  5:30  SCV  
  64  5:45  Marine  
  64  5:46  Marine x2  
  64  5:47  Medivac, Siege Tank  
  64  5:48  Medivac  
  64  5:49  SCV  
  75  5:52  Supply Depot  
  75  5:54  Supply Depot  
  75  6:00  SCV  
  75  6:01  SCV  
  75  6:02  Terran Infantry Armor Level 1, Terran Infantry Weapons Level 1, Marine, Refinery  
  75  6:04  Armory  
  78  6:12  SCV  
  77  6:19  Combat Shields, SCV  
  77  6:20  Supply Depot  
  77  6:21  Supply Depot  
  78  6:29  Marine x3  
  80  6:44  Siege Tank  
  80  6:46  Marine  
  83  6:47  Marine  
  84  6:57  Marine  
  85  7:02  Medivac  
  85  7:03  SCV, Medivac, Barracks  
  85  7:04  Marine, SCV  
  85  7:05  Barracks x2  
  92  7:12  Marine  
  92  7:15  Marine  
  93  7:22  Marine  
  94  7:31  Marine  
  94  7:32  Marine, Siege Tank  
  94  7:35  Medivac x2  
  102  7:40  Marine  
  103  7:49  Marine  
  103  7:50  Marine  
  102  8:02  Marine  
  104  8:08  Barracks Reactor  
  104  8:09  Barracks Reactor, Terran Infantry Weapons Level 2, Terran Infantry Armor Level 2  
  104  8:10  Barracks Tech Lab  
  103  8:13  Orbital Command, SCV x2  
  103  8:16  Refinery  
  103  8:17  Refinery  
  103  8:19  Command Center  
  105  8:25  SCV x2  
  107  8:29  Marine x4  
  111  8:45  Siege Tank  
  111  8:46  Viking x2  
  111  8:47  Marine x5  
  123  8:54  Supply Depot x2  
  123  8:58  Marine  
  123  8:59  Marine  
  123  9:02  Marine  
  124  9:05  Marine  
  125  9:10  Supply Depot  
  125  9:12  Supply Depot  
  125  9:15  Marine x4  
  125  9:16  Viking, Marine  
  132  9:21  Supply Depot, Terran Vehicle Weapons Level 1  
  132  9:25  Viking  
  132  9:26  Marine x2  
  132  9:27  Marine  
  137  9:43  Supply Depot  
  115  10:08  Marine x3  
  111  10:15  Marine  
  111  10:16  Marine x4  
  116  10:25  Marine  
  116  10:26  Marine x2  
  119  10:30  Siege Tank  
  119  10:33  Marine x2, Factory  
  119  10:34  Marine x3  
  127  10:35  Factory  
  127  10:38  Terran Infantry Weapons Level 3, Terran Infantry Armor Level 3  
  127  10:44  Marine  
  127  10:48  Barracks  
  128  10:51  Barracks  
  128  10:54  Marine x2  
  130  11:10  Marine x4  
  134  11:14  Marine x4  
  134  11:16  Medivac, Siege Tank  
  134  11:17  Medivac  
  145  11:19  Factory Tech Lab x2  
  145  11:23  Planetary Fortress  
  145  11:28  Marine x4  
  145  11:32  Marine x4  
  153  11:46  Marine x2, Medivac  
  157  11:47  Refinery x2  
  157  12:00  Marine  
  157  12:01  Marine  
  159  12:02  Medivac  
  159  12:03  Siege Tank  
  159  12:04  Command Center, Siege Tank x2  
  159  12:05  Marine  
  170  12:13  Marine x4  
  171  12:16  Medivac  
  167  12:27  Marine  
  167  12:28  Marine x2  
  166  12:31  Marine  
  166  12:32  Marine x4  
  171  12:45  Marine x2, SCV x2  
  171  12:46  Marine  
  171  12:49  Marine  
  171  12:50  Marine x4  
  170  13:03  Marine x3  
  171  13:07  Marine  
  171  13:08  Marine x4  
  182  13:21  Marine x2  
  182  13:22  Marine  
  182  13:23  Supply Depot  
  182  13:28  Supply Depot  
  182  13:29  Marine  
Show
View Real Time Build Order
Export as new Build Order

ThaLord Terran 

Build Orders: Reaper Expand, MMM Bio 

Get SALT Encoding   

  12  0:01  SCV  
  13  0:13  SCV  
  14  0:18  Supply Depot  
  14  0:25  SCV  
  15  0:39  SCV  
  15  0:41  Barracks  
  16  0:48  Refinery  
  16  0:52  SCV  
  17  1:06  SCV  
  18  1:18  SCV  
  19  1:30  Orbital Command  
  19  1:32  Reaper  
  20  1:45  Command Center  
  20  1:56  SCV  
  20  1:58  Supply Depot  
  21  2:18  SCV  
  21  2:30  Barracks Reactor  
  21  2:31  Factory  
  21  2:34  Barracks  
  21  2:38  SCV  
  22  2:46  Engineering Bay  
  22  2:50  SCV  
  26  2:58  Orbital Command  
  23  3:03  SCV  
  24  3:07  Marine x2  
  24  3:08  Refinery  
  26  3:20  Factory Tech Lab  
  26  3:23  Barracks Tech Lab, Starport  
  26  3:25  Marine x2  
  26  3:26  SCV x2  
  30  3:38  SCV  
  31  3:51  Marine x2  
  31  3:52  Marine  
  31  3:53  Siege Tank  
  36  4:01  SCV x2  
  38  4:10  Stimpack  
  38  4:12  Marine x2  
  38  4:13  Marine, SCV x2  
  43  4:19  Refinery  
  43  4:25  SCV x2  
  45  4:37  SCV  
  46  4:46  Supply Depot  
  46  4:48  Supply Depot  
  46  4:58  Command Center  
  46  5:07  Viking, Marine x2  
  46  5:08  Siege Tank, SCV  
  46  5:09  Marine, SCV  
  56  5:15  Refinery  
  56  5:19  Supply Depot  
  56  5:20  SCV  
  56  5:21  Supply Depot, Terran Infantry Weapons Level 1, SCV  
  57  5:25  Marine x2  
  60  5:30  Barracks  
  60  5:32  Marine  
  60  5:34  SCV  
  62  5:39  SCV  
  62  5:40  Medivac  
  62  5:41  Siege Tank  
  67  5:43  Marine  
  68  5:56  Marine x2  
  69  6:01  Marine  
  69  6:14  Marine x2  
  71  6:19  Marine  
  72  6:32  Marine x2  
  74  6:36  Marine  
  74  6:39  Viking  
  74  6:49  Marine  
  74  6:50  Marine  
  75  6:54  Marine  
  75  6:56  SCV x2  
  75  6:58  Orbital Command  
  78  7:03  Armory  
  78  7:06  Missile Turret  
  78  7:07  Marine x2  
  79  7:12  Marine  
  79  7:15  Terran Infantry Armor Level 1  
  79  7:25  Marine x2  
  80  7:30  Marine  
  81  7:42  Orbital Command  
  81  7:43  Marine x2  
  83  7:47  SCV x2  
  83  7:48  Marine  
  83  7:50  Barracks Reactor  
  83  7:51  Starport Reactor  
  84  7:54  Combat Shields  
  84  7:57  Barracks  
  74  7:59  SCV  
  74  8:01  Marine x2  
  76  8:06  Marine  
  76  8:09  Supply Depot  
  76  8:10  Supply Depot  
  77  8:18  Marine  
  77  8:19  Marine  
  79  8:22  SCV x3  
  79  8:23  Marine  
  83  8:29  Medivac  
  83  8:30  Marine x2  
  83  8:31  Medivac  
  83  8:34  SCV x2  
  91  8:36  Marine x2  
  91  8:38  Engineering Bay  
  91  8:40  Siege Tank  
  97  8:41  Marine  
  97  8:46  SCV  
  95  8:48  Marine  
  95  9:02  Marine x2  
  86  9:11  Marine  
  86  9:21  Barracks Reactor  
  86  9:24  Missile Turret  
  86  9:28  Missile Turret  
  86  9:39  Marine  
  86  9:40  Marine  
  86  9:41  Marine  
  86  9:42  Marine x2  
  80  9:57  Marine  
  80  9:58  Marine  
  80  9:59  Marine x3  
  79  10:01  Orbital Command  
  79  10:04  Marine x2  
  79  10:15  Marine  
  79  10:16  Marine  
  79  10:17  Marine x3  
  84  10:21  Marine  
  84  10:22  Marine  
  86  10:29  Command Center  
  86  10:30  Refinery  
  86  10:32  Terran Infantry Weapons Level 2  
  86  10:33  Terran Infantry Armor Level 2  
  86  10:35  Terran Vehicle Weapons Level 1  
  86  10:46  Marine  
  86  10:49  Marine x2  
  86  10:50  Marine  
  78  11:04  Marine x3  
  81  11:12  Marine x3  
  81  11:13  Marine  
  85  11:22  Marine  
  86  11:30  Supply Depot x3  
  86  11:33  Missile Turret  
  86  11:35  Missile Turret  
  86  11:38  Missile Turret  
  86  11:39  Missile Turret  
  86  11:40  Marine x7, Medivac x2  
  86  11:45  Orbital Command  
  97  11:59  Command Center, Marine x2  
  97  12:00  Marine x5  
  102  12:17  Marine x3  
  102  12:19  Marine  
  96  12:28  Marine x3  
  89  12:44  Marine  
  89  12:45  Marine  
  89  12:58  Marine  
  89  12:59  Marine  
  89  13:02  Orbital Command  
  89  13:03  Marine x2  
  89  13:04  Marine  
  86  13:08  Marine x2  
Tags
 
Add a new tag
Caveats
  • Supply blocks, unpowered buildings, or Contaminate may cause inaccurate times.
  • Supply counts are checked every 10 seconds.